 Dungeon Crawl Stone Soup version 0.30-b1-2-g02819fbbbe (webtiles) character file.

Game seed: 6758335663722031110

310599 Mesmaeker13 the Scorcher (level 19, 0/123 HPs)
             Began as a Demigod Fire Elementalist on June 30, 2023.
             Killed by divine providence
             ... invoked by Saint Roka
              (9 damage)
             ... on level 1 of the Depths on July 1, 2023.
             The game lasted 02:53:41 (61986 turns).

Mesmaeker13 the Scorcher (DgFE)                    Turns: 61986, Time: 02:53:41

Health: 0/123      AC: 23    Str: 21    XL:     19   Next: 61%
Magic:  26/41      EV: 15    Int: 33    God:
Gold:   4499       SH: 14    Dex: 17    Spells: 8/44 levels left

rFire   + + +        n - +3 Elemental Staff {rElec rF+ rC+ AC+3}
rCold   . . .        b - +2 kite shield {reflect}
rNeg    + . .        J - +0 fire dragon scales
rPois   +            w - +2 helmet {SInv}
rElec   +            G - +1 cloak {Will+}
rCorr   .            D - +1 pair of gloves
SInv    +            f - +0 pair of boots
Will    +++..        S - amulet "Poonad" {RegenMP rElec Regen+ Dex+3} Stlth
                     u - +5 ring of evasion
HPRegen 1.20/turn    k - ring of Zastaoja {rPois rN+ Will+ Str+6}
MPRegen 0.67/turn

%: reflection
@: on fire, about to teleport, glowing, studying Shields
A: high MP 1, forlorn, divine attributes, weak 1
}: 2/15 runes: serpentine, barnacled
a: no special abilities


You were on level 1 of the Depths.
You visited 7 branches of the dungeon, and saw 35 of its levels.
You also visited: Sewer.

You collected 5141 gold pieces.
You spent 642 gold pieces at shops.

Inventory:

Hand Weapons
 i - the +8 war axe of Usuih {flame, rElec rPois Str-2 Dex+4}
   (You found it on level 1 of the Lair of Beasts)

   Str:       It affects your strength (-2).
   Dex:       It affects your dexterity (+4).
   rElec:     It insulates you from electricity.
   rPois:     It protects you from poison.
 n - the +3 Elemental Staff (weapon) {rElec rF+ rC+ AC+3}
   (You acquired it on level 10 of the Dungeon)

   It enhances your fire, ice, earth and air magic.
   AC:        It affects your AC (+3).
   rF:        It protects you from fire.
   rC:        It protects you from cold.
   rElec:     It insulates you from electricity.
Missiles
 C - 4 curare-tipped darts
 Q - 2 throwing nets (quivered)
Armour
 b - a +2 kite shield of reflection (worn)
 f - a +0 pair of boots (worn)
 m - the +2 faerie dragon scales {rPois rCorr Str+4 Dex+2 Stlth+}
   (You took it off the Enchantress on level 1 of the Depths)

   Str:       It affects your strength (+4).
   Dex:       It affects your dexterity (+2).
   rPois:     It protects you from poison.
   rCorr:     It protects you from acid and corrosion.
   Stlth:     It makes you more stealthy.
 w - a +2 helmet of see invisible (worn)
 B - a +0 chain mail of cold resistance
 D - a +1 pair of gloves (worn)
 G - a +1 cloak of willpower (worn)
 J - +0 fire dragon scales (worn)
Jewellery
 k - the ring of Zastaoja (right hand) {rPois rN+ Will+ Str+6}
   (You found it on level 8 of the Dungeon)

   [ring of strength]

   Str:       It affects your strength (+6).
   rPois:     It protects you from poison.
   rN:        It protects you from negative energy.
   Will:      It increases your willpower.
 u - a +5 ring of evasion (left hand)
 K - a ring of resist corrosion
 S - the amulet "Poonad" (around neck) {RegenMP rElec Regen+ Dex+3}
   (You took it off a deep elf elementalist on level 3 of the Elven Halls)

   [amulet of magic regeneration]

   It increases your rate of magic regeneration.
   Dex:       It affects your dexterity (+3).
   rElec:     It insulates you from electricity.
   Regen:     It increases your rate of health regeneration.
 U - a ring of protection from cold
 V - an amulet of reflection
 X - the ring of Liberty {Contam MP+9 Str+6 Int+7 SInv}
   (You took it off a deep elf demonologist on level 3 of the Elven Halls)

   [ring of strength]

   Str:       It affects your strength (+6).
   Int:       It affects your intelligence (+7).
   MP:        It affects your magic capacity (+9).
   SInv:      It lets you see invisible.
   Contam:    It causes magical contamination when unequipped.
Wands
 t - a wand of digging (7)
 Y - a wand of light (7)
Scrolls
 c - a scroll of enchant armour
 e - 4 scrolls of fear
 g - 5 scrolls of teleportation
 j - a scroll of magic mapping
 o - 5 scrolls of immolation
 r - 8 scrolls of blinking
 s - 2 scrolls of enchant weapon
 v - 10 scrolls of identify
 z - 2 scrolls of summoning
 H - 6 scrolls of poison
Potions
 a - 3 potions of heal wounds
 d - 12 potions of curing
 h - 4 potions of resistance
 l - 7 potions of haste
 p - 3 potions of might
 q - 2 potions of cancellation
 x - 6 potions of brilliance
 A - a potion of mutation
 E - 2 potions of invisibility
 F - 3 potions of ambrosia
 I - 2 potions of flight
 M - 3 potions of attraction
 O - 4 potions of magic
Miscellaneous
 y - a phantom mirror (inert)
 L - a phial of floods (inert)
 T - a condenser vane (inert)


   Skills:
 + Level 8.9 Staves
 - Level 8.3 Armour
 + Level 3.3 Dodging
 - Level 1.7 Stealth
 - Level 11.1 Shields
 - Level 13.0 Spellcasting
 - Level 17.7 Conjurations
 - Level 5.1 Transmutations
 + Level 18.1 Fire Magic
 - Level 4.2 Earth Magic
 - Level 8.0 Poison Magic
 + Level 7.5 Evocations


You had 8 spell levels left.
You knew the following spells:

 Your Spells              Type           Power      Damage    Failure   Level
a - Fireball              Conj/Fire      59%        3d23      1%          5
b - Scorch                Fire           100%       2d9       0%          2
c - Starburst             Conj/Fire      59%        6d16      1%          6
d - Inner Flame           Hex/Fire       89%        N/A       1%          3
e - Sticky Flame          Conj/Fire      100%       2d11      1%          4
f - Olgreb's Toxic Radia  Pois           65%        N/A       4%          4
g - Ignite Poison         Fire/Tmut/Pois 94%        N/A       1%          3
h - Stone Arrow           Conj/Erth      100%       3d13      1%          3
i - Iron Shot             Conj/Erth      48%        9d9       19%         6

Your spell library contained the following spells:

 Spells                   Type           Power      Damage    Failure   Level
 Foxfire                  Conj/Fire      100%       2x1d9     0%          1
 Sandblast                Erth           100%       2d20      1%          1
 Sting                    Tmut/Pois      100%       1d8       1%          1
 Wereblood                Tmut           53%        N/A       1%          2
 Hailstorm                Conj/Ice       88%        3d18      1%          3
 Volatile Blastmotes      Fire/Tloc      100%       2d18      1%          3
 Flame Wave               Conj/Fire      100%       2d21      1%          4
 Passwall                 Tmut/Erth      56%        N/A       2%          2
 Poisonous Vapours        Pois/Air       100%       N/A       3%          2
 Cigotuvi's Dreadful Rot  Necr/Pois/Air  100%       N/A       5%          2
 Arcjolt                  Conj/Air       44%        1d54      8%          5
 Apportation              Tloc           42%        N/A       11%         1
 Freeze                   Ice            100%       1d10      11%         1
 Necrotise                Necr           84%        1d8       11%         1
 Summon Small Mammal      Summ           84%        N/A       11%         1
 Blink                    Tloc           42%        N/A       16%         2
 Lesser Beckoning         Tloc           42%        N/A       16%         2
 Sublimation of Blood     Necr           21%        N/A       16%         2
 Petrify                  Tmut/Erth      68%        N/A       16%         4
 Alistair's Intoxication  Tmut/Pois      40%        N/A       21%         5
 Frozen Ramparts          Ice            64%        1d10      32%         3
 Gell's Gravitas          Tloc           21%        N/A       32%         3
 Ozocubu's Armour         Ice            32%        N/A       32%         3
 Teleport Other           Tloc           21%        N/A       32%         3
 Vhi's Electric Charge    Tloc/Air       64%        N/A       32%         3
 Ice Form                 Ice/Tmut       55%        N/A       36%         4
 Plasma Beam              Fire/Air       55%        2x1d77    36%         6
 Ignition                 Fire           59%        3d16      38%         8
 Leda's Liquefaction      Hex/Erth       26%        N/A       41%         4
 Anguish                  Hex/Necr       10%        N/A       71%         4
 Cause Fear               Hex            10%        N/A       71%         4
 Dispel Undead            Necr           21%        3d11      71%         4
 Manifold Assault         Tloc           21%        N/A       71%         4
 Summon Ice Beast         Ice/Summ       32%        N/A       71%         4
 Eringya's Noxious Bog    Tmut/Pois      30%        N/A       75%         6
 Borgnjor's Vile Clutch   Necr/Erth      26%        N/A       77%         5
 Statue Form              Tmut/Erth      45%        N/A       94%         6
 Metabolic Englaciation   Hex/Ice        16%        N/A       96%         5
 Summon Forest            Summ/Tloc      10%        N/A       96%         5
 Death Channel            Necr           10%        N/A       100%        6
 Simulacrum               Ice/Necr       16%        N/A       100%        6
 Enfeeble                 Hex            10%        N/A       100%        7
 Ozocubu's Refrigeration  Ice            16%        4d11      100%        7
 Storm Form               Tmut/Air       27%        N/A       100%        7
 Summon Hydra             Summ           10%        N/A       100%        7
 Lehudib's Crystal Spear  Conj/Erth      48%        10d11     100%        8
 Polar Vortex             Ice            16%        N/A       100%        9


Dungeon Overview and Level Annotations

Branches:
Dungeon (15/15)            Temple (0/1) D:6            Lair (5/5) D:8
 Shoals (4/4) Lair:3        Snake (4/4) Lair:3        Slime (0/5) Lair:4
    Orc (2/2) D:9             Elf (3/3) Orc:2        Vaults (0/5) D:13
 Depths (2/4) D:15          Sewer (visited)

Shops:
D:4 :   D:8 *   D:9 *   Orc:2 =(!:   Snake:2 (:(   Snake:3 =[(*   Depths:2 =:=

Portals:
Ziggurat: Depths:1
Trove: D:10 (give +7 demon blade)

Annotations:
D:12 3 runed translucent doors, Setanta's ghost, journeyman OpFi
Lair:4 1 runed translucent door
Snake:4 2 exclusions
Depths:1 Mara; Saint Roka


Innate Abilities, Weirdness & Mutations

You have an increased reservoir of magic. (+10% MP)
You shall have no god before yourself.
Your divine heritage dramatically boosts your attributes as you level up.
You are weak. (Str -2)


Message History

Unknown command.
You hit Mesmaeker13's illusion but do no damage.
You freeze Mesmaeker13's illusion!!
Mesmaeker13's illusion is moderately wounded.
Saint Roka is engulfed in blazing flames.
Mesmaeker13's illusion hits you but does no damage.
Unknown command.
You hit Mesmaeker13's illusion but do no damage.
Mesmaeker13's illusion is moderately wounded.
Mara hits you but does no damage.
You writhe in agony.
Mara closely misses you.
Saint Roka is engulfed in blazing flames.
Saint Roka calls down the wrath of Beogh upon you.
Beogh smites you!
You block Mesmaeker13's illusion's attack.
You hit Mesmaeker13's illusion but do no damage.
Mesmaeker13's illusion is lightly wounded.
Mara gestures at you.
The bolt of fire hits Mesmaeker13's illusion.
Mesmaeker13's illusion completely resists.
The bolt of fire misses you. You block Mara's attack.
Saint Roka is engulfed in blazing flames.
Saint Roka calls down the wrath of Beogh upon you.
Beogh smites you!
* * * LOW HITPOINT WARNING * * *
Unknown command.
As you read the scroll of teleportation, it crumbles to dust.
You feel strangely unstable.
Mesmaeker13's illusion sprays you with burning goo.
The sticky flame hits you. You resist.
You are covered in liquid flames!
* * * LOW HITPOINT WARNING * * *
Mara hits you from afar with a +2 demon trident of pain!
* * * LOW HITPOINT WARNING * * *
You writhe in agony.
* * * LOW HITPOINT WARNING * * *
You block Mara's attack.
Saint Roka is engulfed in blazing flames.
Saint Roka invokes the aid of Beogh against you.
Beogh smites you!
You die...

#.≈≈≈≈# #.##≈≈.........
#○°☼≈≈#####.##.........[
#§§≈≈≈≈≈≈##.........>..
#☼☼.≈≈≈≈≈...#........#
#☼§........##........'
#°°☼.......####'######
###○######## #...# #☼§○#
###.## ###@# #..### #@#
##....


oRR ####. °☼R.. ## §§°)°☼○ #°○§)§)○° . #○☼§§☼§§.# .. #°☼○○§○.☼# ... #. .... You
could see Saint Roka, 3 Maras and Mesmaeker13's illusion.

Vanquished Creatures
  Bai Suzhen (Snake:4)
  Vashnia (Snake:3)
  the Enchantress (Depths:1)
  Nikola (Elf:3)
  Jorgrun (D:13)
  Rupert (D:14)
  2 deep elf blademasters (Elf:3)
  2 deep elf master archers (Elf:3)
  2 sphinxes
  5 krakens
  Frances (Snake:1)
  Kirke (Snake:4)
  Polyphemus (Shoals:4)
  Agnes (D:15)
  Roxanne (Elf:2)
  Donald (Orc:2)
  6 deep elf sorcerers
  3 nagarajas (Snake:4)
  Aizul (Snake:4)
  2 fire giants
  2 very ugly things
  2 deep elf elementalists (Elf:3)
  3 spriggan defenders (Depths:1)
  10 deep elf demonologists (Elf:3)
  8 deep elf annihilators
  3 minotaurs (Shoals:4)
  4 deep elf death magi
  An ettin (Depths:1)
  Snorg (D:10)
  6 merfolk javelineers
  Josephine (Orc:2)
  6 deep elf high priests (Elf:3)
  5 merfolk impalers
  The ghost of PeMo the Severer, a journeyman MiBe of Trog (D:11)
  4 fire dragons
  An ice dragon (D:15)
  4 vault guards (D:13)
  Erolcha (D:11)
  4 centaur warriors
  5 ogre magi
  5 hydras
  4 catoblepae
  6 merfolk aquamancers
  2 salamander tyrants
  A merfolk avatar (Shoals:3)
  11 anacondas
  3 spriggan air magi
  9 death yaks
  A deep troll shaman (Lair:5)
  22 two-headed ogres
  5 boulder beetles
  29 dancing weapons
  2 tengu warriors (D:14)
  14 naga warriors
  A deep troll earth mage (Depths:2)
  12 satyrs (Shoals:4)
  17 naga sharpshooters
  A spriggan berserker (Depths:1)
  15 shock serpents
  Urug (Lair:4)
  An orc high priest (D:11)
  Sonja (Lair:4)
  15 deep elf knights
  2 deep trolls (Depths:2)
  2 iron trolls (Depths:2)
  9 skysharks
  7 salamander mystics
  7 naga ritualists
  An orb spider (shapeshifter) (Depths:1)
  9 sea snakes
  A swamp dragon (shapeshifter) (D:10)
  A glowing orange brain (shapeshifter) (D:15)
  13 harpies
  A harpy (shapeshifter) (Elf:1)
  A wizard (Elf:1)
  19 deep elf zephyrmancers
  37 deep elf pyromancers
  8 cyclopes
  15 deep elf archers
  2 orc knights
  10 ugly things
  3 orc sorcerers
  20 manticores
  Pikel (D:5)
  5 mana vipers
  A large abomination (D:10)
  12 salamanders
  14 fauns
  A worldbinder (D:10)
  8 elephants
  36 black mambas
  Maurice (Orc:2)
  6 guardian serpents
  Joseph (D:7)
  9 merfolk sirens
  A black mamba (shapeshifter) (D:13)
  An ice statue (D:11)
  16 naga magi
  2 gargoyles
  10 cane toads
  2 rime drakes
  Maggie (D:8)
  6 water nymphs
  12 komodo dragons
  An unseen horror (D:11)
  3 tengu conjurers
  A yaktaur (D:13)
  3 efreet
  A kobold demonologist (D:11)
  11 trolls
  5 polar bears
  41 merfolk
  5 harpy zombies (Shoals:3)
  3 meliai (D:13)
  6 wind drakes
  2 hornets
  28 blink frogs
  A raiju (D:10)
  8 snapping turtles
  2 dream sheep (Shoals:1)
  4 slime creatures (D:13)
  A jumping spider (shapeshifter) (Elf:2)
  5 wraiths
  5 spriggans
  12 water elementals
  12 yaks
  A fire elemental (Elf:2)
  5 hogs (Snake:4)
  7 wyverns
  A human (D:13)
  A basilisk (D:13)
  13 vampire mosquitoes
  2 steam dragons
  3 wargs
  2 acid dragons
  A naga (shapeshifter) (Elf:3)
  4 small abominations (D:10)
  48 nagas
  15 water moccasins
  A floating eye (shapeshifter) (Elf:3)
  Pargi (Sewer)
  15 orc warriors
  3 ice beasts
  3 black bears
  28 ogres
  15 wolves
  12 centaurs
  A manticore zombie (Shoals:3)
  4 lemures (D:5)
  6 kobold brigands
  18 bullfrogs
  2 earth elementals (Elf:1)
  A gnoll sergeant (D:9)
  2 scorpions (D:4)
  8 wights (D:8)
  4 killer bees
  3 electric eels
  2 howler monkeys
  A crimson imp (D:5)
  2 hounds
  3 jellies
  15 orc priests
  Crazy Yiuf (D:7)
  A sleepcap (D:6)
  4 iguanas
  11 orc wizards
  Robin (D:3)
  5 gnolls (D:9)
  3 adders
  A shadow imp (D:7)
  A white imp (D:6)
  An ufetubus (D:6)
  5 worms
  3 dart slugs
  39 orcs
  3 ball pythons
  8 bats
  A bat zombie (Shoals:3)
  5 endoplasms
  5 giant cockroaches
  12 goblins
  12 hobgoblins
  10 jackals
  A quokka (D:3)
  10 frilled lizards
  8 kobolds
  4 rats
  A plant (Shoals:4)
  A spectral weapon (Depths:1)
  9 tentacles
1178 creatures vanquished.

Vanquished Creatures (collateral kills)
  4 orc warriors
  A gnoll (D:9)
  6 foxfires
11 creatures vanquished.

Vanquished Creatures (others)
  A deep elf pyromancer (Elf:3)
  A deep elf zephyrmancer (Elf:3)
  2 manticores (Shoals:4)
  2 trolls
  A golden eye (shapeshifter) (D:13)
  A vampire mosquito (D:11)
  An orc warrior (D:9)
  An ogre (D:9)
  An orc wizard (D:11)
  966 foxfires
  28 fungi
  79 plants
  15 tentacles
1099 creatures vanquished.

Grand Total: 2288 creatures vanquished

Notes
Turn   | Place    | Note
-------+----------+-------------------------------------------
     0 | D:1      | Mesmaeker13 the Demigod Fire Elementalist began the quest
                  | for the Orb.
     0 | D:1      | Reached XP level 1. HP: 14/14 MP: 5/5
    63 | D:1      | Reached skill level 1 in Conjurations
   153 | D:1      | Noticed an eye of devastation
   157 | D:1      | Noticed a golden eye
   157 | D:1      | Noticed a floating eye
   157 | D:1      | Noticed a golden eye
   435 | D:1      | Reached XP level 2. HP: 20/20 MP: 5/7
   873 | D:2      | Reached skill level 3 in Fire Magic
  1227 | D:2      | Reached XP level 3. HP: 26/26 MP: 6/9
  1763 | D:3      | Learned a level 2 spell: Scorch
  2137 | D:3      | Reached XP level 4. HP: 23/33 MP: 1/10
  2204 | D:3      | Noticed Robin
  2222 | D:3      | Killed Robin
  2351 | D:3      | Found a glowing drain.
  2355 | Sewer    | Entered a sewer
  2383 | Sewer    | Noticed Pargi
  2395 | Sewer    | Killed Pargi
  2396 | Sewer    | Reached skill level 4 in Fire Magic
  2396 | Sewer    | Reached XP level 5. HP: 24/38 MP: 2/12
  3114 | D:4      | Noticed an orc warrior
  3265 | D:5      | Entered Level 5 of the Dungeon
  3303 | D:5      | Noticed an ogre
  3312 | D:5      | Killed an ogre
  3313 | D:5      | Reached skill level 1 in Armour
  3313 | D:5      | Reached XP level 6. HP: 37/45 MP: 0/14
  3542 | D:4      | Found Eshriss's Book Boutique.
  4615 | D:5      | Reached XP level 7. HP: 50/50 MP: 10/16
  4962 | D:5      | Noticed Pikel
  5219 | D:5      | Killed Pikel
  5220 | D:5      | Reached skill level 5 in Fire Magic
  5447 | D:5      | Reached XP level 8. HP: 57/57 MP: 14/18
  5930 | D:6      | Reached skill level 5 in Conjurations
  6068 | D:6      | Reached skill level 5 in Spellcasting
  6073 | D:6      | Learned a level 4 spell: Flame Wave
  6135 | D:6      | Reached skill level 6 in Fire Magic
  6394 | D:6      | Found a staircase to the Ecumenical Temple.
  6909 | D:7      | Noticed Joseph
  7212 | D:7      | Killed Joseph
  7213 | D:7      | Reached XP level 9. HP: 44/62 MP: 8/21
  7313 | D:7      | Reached skill level 5 in Armour
  7623 | D:7      | Got the Spellbook of the Body
  7878 | D:7      | Reached skill level 7 in Fire Magic
  8119 | D:7      | Found a runed translucent door.
  8120 | D:7      | Noticed Crazy Yiuf
  8275 | D:7      | Killed Crazy Yiuf
  8488 | D:8      | Found a staircase to the Lair.
  8622 | D:8      | Identified the ring of Zastaoja {rPois rN+ Will+ Str+6}
  8703 | D:8      | Noticed Maggie
  9208 | D:8      | Found Wavvovor's CLEARANCE SALE!.
  9418 | D:8      | Killed Maggie
  9573 | D:8      | Reached XP level 10. HP: 69/69 MP: 12/23
  9775 | D:9      | Noticed a two-headed ogre
  9791 | D:9      | Killed a two-headed ogre
 10218 | D:9      | Reached skill level 8 in Fire Magic
 10305 | D:9      | Noticed a purple very ugly thing
 10322 | D:9      | Got Dismaizeq's Discourse on the Crevasse
 10330 | D:9      | Found a staircase to the Orcish Mines.
 10620 | D:9      | Found Apryseizi's General Store.
 10738 | D:10     | Entered Level 10 of the Dungeon
 10870 | D:10     | Found a transporter.
 10872 | D:10     | Noticed a purple ugly thing
 10872 | D:10     | Noticed a green ugly thing
 10874 | D:10     | Found a transporter.
 10875 | D:10     | Noticed a worldbinder
 11649 | D:10     | Noticed a brown very ugly thing
 11787 | D:10     | Found a portal to a secret trove of treasure.
 11871 | D:11     | Identified the +2 robe of the Salamander {Harm}
 11871 | D:11     | Noticed Snorg
 11881 | D:10     | Killed Snorg
 12031 | D:11     | Noticed Erolcha
 12072 | D:9      | Bought a scroll of identify for 26 gold pieces
 12177 | Lair:1   | Entered Level 1 of the Lair of Beasts
 12193 | Lair:1   | Identified the +8 war axe of Usuih {flame, rElec rPois
                  | Str-2 Dex+4}
 12289 | Lair:1   | Reached XP level 11. HP: 74/74 MP: 14/26
 12738 | Lair:1   | Reached skill level 9 in Fire Magic
 12787 | Lair:1   | Learned a level 3 spell: Inner Flame
 13671 | Lair:2   | Noticed a seven-headed hydra
 13682 | Lair:2   | Killed a seven-headed hydra
 13690 | Lair:2   | Identified a scroll of acquirement
 13691 | Lair:2   | Acquired an Everburning Encyclopedia
 13700 | Lair:2   | Learned a level 4 spell: Sticky Flame
 13705 | Lair:2   | Learned a level 4 spell: Olgreb's Toxic Radiance
 13806 | Lair:2   | Reached skill level 1 in Poison Magic
 13814 | Lair:2   | Noticed a death yak
 14469 | Lair:2   | Killed a death yak
 14977 | Lair:3   | Found a staircase to the Snake Pit.
 14985 | Lair:3   | Reached skill level 10 in Fire Magic
 15104 | Lair:3   | Identified the +0 plate armour of the Game Afoot {Will+
                  | Str+4}
 15230 | Lair:3   | Reached XP level 12. HP: 78/81 MP: 17/28
 15289 | Lair:3   | Reached skill level 5 in Poison Magic
 15930 | Lair:3   | Found a staircase to the Shoals.
 15941 | Lair:3   | HP: 3/81 [poisoned by a merfolk]
 16326 | Lair:4   | Noticed a catoblepas
 16333 | Lair:4   | Killed a catoblepas
 16335 | Lair:4   | Noticed an eight-headed hydra
 16392 | Lair:4   | Reached skill level 10 in Conjurations
 16626 | Lair:4   | Killed an eight-headed hydra
 16747 | Lair:4   | Noticed Sonja
 16750 | Lair:4   | Killed Sonja
 17046 | Lair:4   | Found a runed translucent door.
 17047 | Lair:4   | Found a staircase to the Slime Pits.
 17047 | Lair:4   | Noticed an azure jelly
 17047 | Lair:4   | Noticed an azure jelly
 17117 | Lair:4   | Noticed Urug
 17135 | Lair:4   | Killed Urug
 17204 | Lair:4   | Noticed a boulder beetle
 17215 | Lair:4   | Killed a boulder beetle
 17542 | Lair:4   | Reached skill level 11 in Fire Magic
 17546 | Lair:4   | Learned a level 3 spell: Ignite Poison
 18158 | Lair:5   | Entered Level 5 of the Lair of Beasts
 18284 | Lair:5   | Reached skill level 1 in Transmutations
 18594 | Lair:5   | Reached XP level 13. HP: 85/86 MP: 9/29
 19876 | Lair:5   | Reached skill level 12 in Fire Magic
 20001 | Lair:5   | Identified the +7 mace of Etorgh {venom, *Slow rPois rF++
                  | Will+}
 20545 | Orc:1    | Entered Level 1 of the Orcish Mines
 20702 | Orc:2    | Entered Level 2 of the Orcish Mines
 20702 | Orc:2    | Noticed Donald
 20702 | Orc:2    | Found a staircase to the Elven Halls.
 20709 | Orc:2    | Killed Donald
 20710 | Orc:2    | Reached skill level 5 in Transmutations
 21099 | Orc:2    | Noticed Josephine
 21117 | Orc:2    | Killed Josephine
 21171 | Orc:1    | Reached skill level 1 in Shields
 22227 | Orc:2    | Noticed Maurice
 22308 | Orc:2    | Found Noukk's Book Shop.
 22308 | Orc:2    | Found Oleidghis's Antique Weapon Emporium.
 22309 | Orc:2    | Found Cewk's Distillery.
 22309 | Orc:2    | Found Elilie's Jewellery Boutique.
 22312 | Orc:2    | Reached XP level 14. HP: 93/93 MP: 23/31
 22325 | Orc:2    | Noticed an orc warlord
 22325 | Orc:2    | Noticed an orc warlord
 22563 | Orc:2    | Killed Maurice
 23219 | Orc:2    | Bought a book of Fire for 616 gold pieces
 23322 | Lair:1   | Learned a level 5 spell: Fireball
 23585 | D:11     | Killed Erolcha
 23671 | D:11     | Noticed PeMo's ghost (journeyman MiBe)
 24160 | D:11     | Found a transporter.
 24165 | D:11     | Found a transporter.
 24235 | D:11     | Reached skill level 13 in Fire Magic
 24359 | D:11     | Got Edoixto's Compilation of Excavation
 24524 | D:12     | Reached skill level 5 in Shields
 24532 | D:12     | Identified the +4 scale mail of Distant Worlds {rPois
                  | Dex+2}
 24759 | D:12     | Identified the +0 robe "Ceteud" {Will- Regen+ Str-4
                  | Archmagi}
 25116 | D:12     | Found a runed translucent gate.
 25116 | D:12     | Found a runed translucent gate.
 25116 | D:12     | Found a runed translucent gate.
 25121 | D:12     | Noticed Setanta's ghost (journeyman OpFi)
 26688 | D:13     | Noticed Jorgrun
 26694 | D:13     | Killed Jorgrun
 28431 | D:13     | Found a gate to the Vaults.
 28803 | D:14     | Identified the +3 scimitar "Urphiqit" {vamp, Int+2 Dex+4}
 29056 | D:14     | Learned a level 3 spell: Stone Arrow
 29559 | D:14     | Noticed Rupert
 29576 | D:14     | Killed Rupert
 29835 | D:14     | Reached skill level 14 in Fire Magic
 30046 | D:15     | Entered Level 15 of the Dungeon
 30097 | D:15     | Reached XP level 15. HP: 99/99 MP: 11/32
 30346 | D:15     | Noticed Agnes
 30351 | D:15     | Killed Agnes
 31707 | D:15     | Found a staircase to the Depths.
 32174 | Snake:1  | Entered Level 1 of the Snake Pit
 32195 | Lair:3   | Learned a level 6 spell: Starburst
 33433 | Snake:1  | Noticed Frances
 33706 | Snake:1  | Killed Frances
 34543 | Snake:2  | Found Xoafaontem's Antique Weapon Boutique.
 34670 | Snake:2  | Found Ivaruef's Book Shop.
 34672 | Snake:2  | Found Tonefuang's Weapon Boutique.
 35733 | Snake:2  | You fall into a shaft and drop 1 floor!
 35756 | Snake:3  | Reached skill level 15 in Fire Magic
 36985 | Snake:3  | Noticed Vashnia
 37006 | Snake:3  | Killed Vashnia
 37007 | Snake:3  | Reached XP level 16. HP: 74/105 MP: 3/34
 37322 | Snake:3  | Found Seciots's Jewellery Boutique.
 37348 | Snake:3  | Reached skill level 15 in Conjurations
 38081 | Snake:3  | Reached skill level 10 in Shields
 38197 | Snake:3  | Found Nuot's Weapon Boutique.
 38393 | Snake:3  | Found Modiac's Armour Emporium.
 38403 | Snake:3  | Found Kenniugri's General Store.
 38615 | Snake:4  | Entered Level 4 of the Snake Pit
 38643 | Snake:4  | Noticed Aizul
 38647 | Snake:4  | Killed Aizul
 38758 | Snake:4  | Noticed Bai Suzhen
 39105 | Snake:4  | Noticed Kirke
 39117 | Snake:4  | Killed Kirke
 39592 | Snake:4  | Reached skill level 10 in Spellcasting
 40777 | Snake:4  | Killed Bai Suzhen
 42084 | Snake:4  | Reached skill level 1 in Earth Magic
 42088 | Snake:4  | Reached skill level 16 in Fire Magic
 42912 | Snake:4  | Got a serpentine rune of Zot
 43381 | D:9      | Acquired 982 gold pieces
 43509 | D:10     | Reached XP level 17. HP: 109/111 MP: 20/36
 43513 | D:10     | Identified the ring of Birdsong {rN+ SInv}
 43553 | D:10     | Acquired the +3 Elemental Staff {rElec rF+ rC+ AC+3}
 43553 | D:10     | Found the +3 Elemental Staff {rElec rF+ rC+ AC+3}
 43773 | Shoals:1 | Entered Level 1 of the Shoals
 43949 | Shoals:1 | Reached skill level 1 in Staves
 48183 | Shoals:3 | Found a runed translucent door.
 48934 | Shoals:3 | Reached skill level 1 in Evocations
 48972 | Shoals:4 | Entered Level 4 of the Shoals
 49490 | Shoals:4 | Reached skill level 5 in Staves
 49987 | Shoals:4 | Reached XP level 18. HP: 69/117 MP: 5/39
 50449 | Shoals:4 | Reached skill level 17 in Fire Magic
 50743 | Shoals:4 | Noticed Polyphemus
 50748 | Shoals:4 | Killed Polyphemus
 50760 | Shoals:4 | Got a barnacled rune of Zot
 51309 | Elf:1    | Entered Level 1 of the Elven Halls
 53530 | Elf:2    | Identified Roxanne's Secrets of Alteration
 53530 | Elf:2    | Noticed Roxanne
 54252 | Elf:2    | Found a runed translucent gate.
 54252 | Elf:2    | Found a runed translucent gate.
 54252 | Elf:2    | Found a runed translucent gate.
 54328 | Elf:2    | Reached skill level 5 in Evocations
 55084 | Elf:2    | Learned a level 6 spell: Iron Shot
 56301 | Elf:2    | Killed Roxanne
 56457 | Elf:3    | Entered Level 3 of the Elven Halls
 57161 | Elf:3    | Reached XP level 19. HP: 123/123 MP: 23/41
 57203 | Elf:3    | Noticed Nikola
 57229 | Elf:3    | Killed Nikola
 57430 | Elf:3    | Gained mutation: You are weak. (Str -2) [a neqoxec]
 58050 | Elf:3    | Identified the +1 eveningstar "Nagosh" {flame, rC+ rN++
                  | Str-2 Dex+2}
 58055 | Elf:3    | Identified the +6 chain mail of Teirre {Int+4}
 58278 | Elf:3    | Identified the +1 chain mail "Xiqoat" {rPois}
 58499 | Elf:3    | Identified the +2 leather armour of Okawaru's Esteem
                  | {Dex+3}
 58614 | Elf:3    | Identified the +4 scale mail "Tivuplit" {Int+4}
 58684 | Elf:3    | Identified the +0 morningstar "Killer Klown's Doom" {spect,
                  | SInv Stlth+}
 58684 | Elf:3    | Identified the amulet "Poonad" {RegenMP rElec Regen+ Dex+3}
 58990 | Elf:3    | Identified the ring of Liberty {Contam MP+9 Str+6 Int+7
                  | SInv}
 58993 | Elf:3    | Identified the amulet "Jomoeb" {Acrobat rPois Int+2 Dex-5}
 59010 | Elf:3    | Identified the +8 hand axe "Enued" {antimagic, rPois Will+
                  | Str-2 Int+6}
 59393 | Elf:3    | Identified the amulet of Lazat {Spirit Str+4}
 60016 | Elf:3    | Identified the staff of air "Deics" {rElec rF+ rN+ rCorr}
 60036 | Elf:3    | Identified the staff of cold "Futhraenn" {rElec rPois rF-
                  | rC+ Int+3}
 60051 | Elf:3    | Identified the +1 scale mail of the Bulwark {rN+ Stlth+}
 60892 | D:11     | Killed PeMo's ghost
 61130 | Depths:1 | Entered Level 1 of the Depths
 61132 | Depths:1 | Found a one-way gateway to a ziggurat.
 61140 | Depths:1 | You fall into a shaft and drop 1 floor!
 61158 | Depths:2 | Reached skill level 18 in Fire Magic
 61475 | Depths:2 | Found Dafeci's Jewellery Emporium.
 61476 | Depths:2 | Found Wootuol's Book Shop.
 61480 | Depths:2 | Found Uhiwky's Jewellery Emporium.
 61654 | Depths:1 | Identified the +0 buckler of Viupoash {Int+2}
 61692 | Depths:1 | Noticed the Enchantress
 61718 | Depths:1 | Killed the Enchantress
 61967 | Depths:1 | Noticed Mara
 61971 | Depths:1 | Noticed Mesmaeker13's illusion
 61971 | Depths:1 | Noticed Saint Roka
 61986 | Depths:1 | Killed from afar by Saint Roka

Illustrated notes

Levels and vault maps discovered:
D:1:      psy_arrival_spokes, layout_basic,
          hellmonk_ecumenical_altar_watching_god, nrook_mini_vaults
D:2:      layout_basic, basic_altar
D:3:      layout_loops_cross, mainiacjoe_overflow_surrounded_room,
          gup_sewer_entry_spiral, uniq_robin
D:4:      layout_layer_cave, minitemple, mainiacjoe_overflow_six_doors_small,
          serial_shops, shop_fountains
D:5:      layout_basic, grunt_temple_overflow_lords_of_destruction,
          grunt_temple_overflow_gold_and_silver, uniq_pikel
D:6:      layout_basic, nemelex_xobeh_ov_fountains_minmay, lemuel_tele_altar,
          minmay_temple_entry_hall
D:7:      layout_basic, uniq_crazy_yiuf_cottage, uniq_joseph
D:8:      layout_rooms, slow_altar_2, mainiacjoe_overflow_paths,
          nicolae_shop_clearance, uniq_maggie
D:9:      layout_rooms, nicolae_overflow_two_pavilions,
          kennysheep_orc_monster_closet_entryway, nicolae_take_the_stairs,
          wad_dig_loot
D:10:     gammafunk_corrupted_shrine, layout_loops_corners,
          nicolae_trove_entry_crystal
D:11:     layout_basic, nzn_ghost_randoct, kennysheep_island_fort, uniq_snorg,
          uniq_erolcha
D:12:     layout_roguey, gammafunk_ghost_necromancy, gauntlet_entry_generic,
          minmay_fountain_box
D:13:     layout_layer_cave, grunt_vaults_entry_fortified, st_stairs_13,
          uniq_jorgrun
D:14:     layout_irregular_city, infiniplex_staircase_spiral_double, uniq_rupert
D:15:     grunt_enter_depths_hoard, layout_loops_ring, minivault_23, uniq_agnes
Lair:1:   layout_regular_city, wad_woods_03
Lair:2:   nzn_winding_woodlands_cross [nzn_winding_woodlands_5x15_cabin,
          nzn_winding_woodlands_5x15_lazy_stream,
          nzn_winding_woodlands_5x15_zeroes,
          nzn_winding_woodlands_5x15_longhouse,
          nzn_winding_woodlands_15x15_killbox], layout_concentric_octagons,
          grunt_forest_small_clearing_treed, infiniplex_staircase_pool
Lair:3:   layout_gridlike, elwin_shoals_entry_rooms,
          minmay_snake_entry_guardpost_small
Lair:4:   layout_cave_pods, slime_entry_2, fungi_pond_lemuel, uniq_sonja,
          uniq_urug
Lair:5:   grunt_lair_end_beastmaster, layout_regular_city, columned_hall_lemuel
Shoals:1: layout_shoals, nicolae_shoals_so_close
Shoals:2: layout_shoals
Shoals:3: nicolae_shoals_lighthouse, layout_shoals, nicolae_shoals_undead_eyrie
Shoals:4: shoals_end_hellmonk_lost_city, uniq_polyphemus
Snake:1:  layout_basic, basic_altar, uniq_frances
Snake:2:  layout_misc_corridors, basic_altar, minmay_shop_star,
          grunt_megastairs_3
Snake:3:  layout_gridlike, serial_shops, shop, nicolae_shop_crystal,
          shop_fountains, shop, grunt_ministairs_5, uniq_vashnia
Snake:4:  johnstein_snake_rune_scales, layout_basic, uniq_aizul, uniq_kirke,
          uniq_bai_suzhen
Orc:1:    layout_caves, mines1_david
Orc:2:    st_orc_ogre_mass, layout_caves, basic_altar, uniq_maurice,
          uniq_donald, uniq_josephine
Elf:1:    nicolae_elf_arrival_fired_up, layout_geoelf_octagon, basic_altar,
          minmay_elf_crystal_heptagon, hangedman_elf_disciples
Elf:2:    elven_hall_of_blades_hangedman_original [nicolae_blade_tridents],
          layout_geoelf_octagon, glass_columns_b, uniq_roxanne
Elf:3:    minmay_elf_hall_not_hex, layout_geoelf_octagon,
          serial_sigils_hangedman_snap, grunt_megastairs_2, uniq_nikola
Depths:1: layout_roguey, enter_ziggurat_f, nicolae_hexahallways, hell_entry,
          grunt_decor_junction, lightli_giant_bouncers, firewood_loft,
          uniq_mara, uniq_enchantress, uniq_saint_roka
Depths:2: minmay_diamond_stairs, layout_honeycomb, elyvilon_altar_1,
          nicolae_hell_entry_big_baal_hell, pan_entry,
          trog_three_pillars_becter, minmay_staircase_windowed_large,
          minmay_shop_grove

Skill      XL: |  1  2  3  4  5  6  7  8  9 10 11 12 13 14 15 16 17 18 19 |
---------------+----------------------------------------------------------+-----
Conjurations   | 1 2 3 4 5 7 8 9 10 12 13 14 15 16 17 | 17.7
Spellcasting   | 2 3 4 5 6 7 8 9 10 11 12 13 | 13.0
Fire Magic     | 3 4 5 6 7 8 10 11 12 14 15 16 17 18 | 18.1
Armour         | 1 2 3 4 6 7 8 |  8.3
Poison Magic   | 4 8 |  8.0
Transmutations | 2 5 |  5.1
Shields        | 3 7 9 11 | 11.1
Earth Magic    | 2 4 |  4.2
Staves         | 5 7 8 |  8.9
Evocations     | 2 5 7 |  7.5
Dodging        | 3 |  3.3
Stealth        | |  1.7

Action                     |  1- 3 |  4- 6 |  7- 9 | 10-12 | 13-15 | 16-18 | 19-21 || total
---------------------------+-------+-------+-------+-------+-------+-------+-------++-------
  Melee: Dagger            |       |    12 |    15 |       |       |       |       ||    27
         Whip              |       |       |    43 |       |       |       |       ||    43
         Punch             |       |       |     1 |       |     1 |       |       ||     2
         Trident           |       |       |     2 |    15 |       |       |       ||    17
         Staff             |       |       |       |    18 |    66 |   244 |    99 ||   427
         Mace              |       |       |       |       |    18 |       |       ||    18
         War axe           |       |       |       |       |    12 |    22 |       ||    34
  Throw: Dart              |       |       |     1 |     4 |     8 |     1 |     8 ||    22
         Throwing net      |       |       |       |       |       |     1 |     1 ||     2
   Cast: Foxfire           |    90 |    68 |   163 |   181 |    59 |       |       ||   561
         Scorch            |     1 |    16 |    76 |   132 |    98 |    65 |    17 ||   405
         Flame Wave        |       |       |       |    42 |     4 |       |       ||    46
         Sticky Flame      |       |       |       |    31 |    96 |   106 |    20 ||   253
         Ignite Poison     |       |       |       |     4 |    57 |    43 |    27 ||   131
         Olgreb's Toxic Ra |       |       |       |     3 |    64 |    39 |    24 ||   130
         Fireball          |       |       |       |       |   171 |   327 |    55 ||   553
         Stone Arrow       |       |       |       |       |    45 |   141 |     7 ||   193
         Starburst         |       |       |       |       |    14 |    57 |    13 ||    84
         Inner Flame       |       |       |       |       |     1 |     1 |     2 ||     4
         Iron Shot         |       |       |       |       |       |    10 |    11 ||    21
  Evoke: Wand              |       |       |     3 |    16 |    19 |     6 |     4 ||    48
         Phial of floods   |       |       |       |       |     3 |     2 |     1 ||     6
         Condenser vane    |       |       |       |       |       |     1 |     2 ||     3
         Phantom mirror    |       |       |       |       |       |       |     2 ||     2
    Use: Potion            |       |     1 |     1 |     1 |     4 |     6 |     6 ||    19
         Scroll            |       |     3 |    11 |    13 |    15 |    10 |     5 ||    57
 Armour: Robe              |     9 |     4 |       |       |       |       |       ||    13
         Troll leather arm |       |    15 |    40 |   107 |    50 |       |       ||   212
         Scale mail        |       |       |       |       |    13 |       |       ||    13
         Fire dragon scale |       |       |       |       |    60 |   262 |    45 ||   367
  Dodge: Dodged            |    33 |    41 |   164 |   296 |   237 |   277 |    70 ||  1118
  Block: Other             |       |       |       |    51 |    35 |       |       ||    86
         Reflection        |       |       |       |     2 |    42 |   129 |     9 ||   182
         Kite shield       |       |       |       |       |   207 |   699 |   118 ||  1024
